 Dungeon Crawl Stone Soup version 0.29-a0-284-gf9362112df (webtiles) character file.

Game seed: 11623586816576455713

127 soylentgreeen202 the Sneak (level 5, 0/40 HPs)
             Began as a Naga Warper on Mar 28, 2022.
             Was a Follower of Hepliaklqana.
             Slain by a worm (7 damage)
             ... on level 3 of the Dungeon on Mar 29, 2022.
             The game lasted 00:21:33 (3122 turns).

soylentgreeen202 the Sneak (Naga Warper)            Turns: 3122, Time: 00:21:33

Health: 0/40       AC:  6    Str: 14    XL:     5   Next: 11%
Magic:  8/8        EV:  9    Int: 13    God:    Hepliaklqana [*.....]
Gold:   137        SH:  0    Dex: 12    Spells: 6/8 levels left

rFire   . . .      SeeInvis +   a - +1 short sword
rCold   . . .      Faith    .   (no shield)
rNeg    . . .      Spirit   .   b - +0 leather armour
rPois   +          Reflect  .   l - +1 helmet
rElec   .          Harm     .   n - +0 cloak
rCorr   .          Rampage  .   (no gloves)
Will    .....                   (no barding)
Stlth   +++.......              (no amulet)
HPRegen 0.13/turn               (no ring)
MPRegen 0.11/turn               (no ring)

@: very slow
A: reduced essence, AC +1, large, see invisible, deformed body, poison
resistance, slowness 2, spit poison 1, naga tail 1
a: Spit Poison, Renounce Religion, Recall Ancestor, Ancestor Identity


You were on level 3 of the Dungeon.
You worshipped Hepliaklqana.
Hepliaklqana was aware of your devotion.
You visited 1 branch of the dungeon, and saw 3 of its levels.

You collected 137 gold pieces.

Inventory:

Hand Weapons
 a - a +1 short sword (weapon)
 i - a +0 dagger
Missiles
 d - 6 boomerangs of dispersal (quivered)
 f - 171 stones
 h - 4 javelins
Armour
 b - a +0 leather armour (worn)
 l - a +1 helmet (worn)
 n - a +0 cloak (worn)
Wands
 p - a wand of acid (2)
Scrolls
 c - 2 scrolls of blinking
 e - 3 scrolls of identify
Potions
 g - a potion of flight
 k - a potion of brilliance
 m - a potion of heal wounds {unknown}
 o - 2 potions of curing {unknown}
 q - a potion of haste {unknown}
 r - a potion of might {unknown}


   Skills:
 - Level 2.0 Fighting
 + Level 3.7 Short Blades
 - Level 1.0 Throwing
 - Level 1.0 Armour
 - Level 1.5 Dodging
 - Level 5.0 Stealth
 - Level 2.0 Spellcasting
 - Level 3.0 Translocations


You had 6 spell levels left.
You knew the following spells:

 Your Spells              Type           Power      Damage    Failure   Level
a - Blink                 Tloc           18%        N/A       14%         2

Your spell library contained the following spells:

 Spells                   Type           Power      Damage    Failure   Level
 Gell's Gravitas          Tloc           9%         N/A       26%         3
 Lesser Beckoning         Tloc           9%         N/A       26%         3
 Teleport Other           Tloc           9%         N/A       26%         3
 Portal Projectile        Hex/Tloc       10%        N/A       45%         3
 Manifold Assault         Tloc           9%         N/A       94%         5
 Blade Hands              Tmut           0%         N/A       100%        5
 Excruciating Wounds      Necr           0%         N/A       100%        5


Dungeon Overview and Level Annotations

Branches:
Dungeon (3/15)

Altars:
Hepliaklqana
Wu Jian

Shops:
D:3 (

Portals:
Sewer: D:3


Innate Abilities, Weirdness & Mutations

Your life essence is reduced to manifest your ancestor. (-10% HP)
Your serpentine skin is tough. (AC +1)
You have supernaturally acute eyesight. (SInv)
Armour fits poorly on your strangely shaped body.
Your system is resistant to poisons. (rPois)
You cover ground very slowly.
You can spit poison.
You have a snake-like lower body.


Message History

Aim: a worm (severely wounded, ally target, 77% to hit)
Okay, then.
Aiming: Spit Poison (1% risk of failure)
Press: ? - help, Shift-Dir - straight line, f/p - worm
Aim: a worm (severely wounded, ally target, 86% to hit)
The splash of poison hits the worm but does no damage.
The worm is poisoned.
The worm is severely wounded.
The worm splashes around in the water.
You puncture the worm!
The worm is almost dead.
You hit the worm.
You kill the worm!
You hear the quick rusting of a drain very nearby.
You have got your breath back.
You see here a worm corpse.
A worm comes into view.
Found a glowing drain.
The worm bites you.
The worm splashes around in the water.
You puncture the worm!
The worm is moderately wounded.
You hit the worm.
The worm is heavily wounded.
The worm bites you but does no damage.
You hit the worm.
The worm is heavily wounded.
You hit the worm.
The worm is heavily wounded.
The worm bites you.
* * * LOW HITPOINT WARNING * * *
You barely miss the worm.
The worm is heavily wounded.
The worm bites you.
* * * LOW HITPOINT WARNING * * *
You hit the worm.
The worm is severely wounded.
You hit the worm.
The worm is almost dead.
The worm bites you!
You die...

.########.###....###.###.##.#.#
#................# #.##.##.#.#
##...####.........# ###.##.#.#
#.##....########### #.##)#.### .
#.######≈#≈≈#∩# #.##...... #.##
#≈≈≈##≈#≈# #.#....###
#.#.###≈#≈##≈#≈#######.#.####
##>###.##≈#≈#≈≈#w#.......#.# ..#
##.#≈#≈#≈##@######..#.# ###
.#.###.##S#≈#≈≈≈R# #..#.# ##.# .
#.#.###≈#≈#†##### #..#.###.#.
#.## #≈#≈≈≈††≈##. #..#.##.### #[#
#########†##.###......## # #.#
#≈≈≈≈≈≈≈≈≈##........##[###
.###.###†≈#≈#≈####..P._.P?.###.#.
.........≈.≈≈≈≈≈...........# ##..
.######......≈......#......## ###


You could see the friendly Wenzel the ancestor and a worm (ally target).

Vanquished Creatures
  4 adders
  A river rat (D:3)
  5 worms
  2 dart slugs
  An orc (D:3)
  2 endoplasms (D:1)
  3 giant cockroaches
  3 hobgoblins
  4 jackals (D:1)
  2 kobolds (D:1)
  2 quokkas
  4 ball pythons (D:1)
  4 bats
  3 frilled lizards (D:2)
  A goblin (D:3)
  4 rats
45 creatures vanquished.

Vanquished Creatures (collateral kills)
  An adder (D:3)
  A worm (D:3)
  An endoplasm (D:1)
  A ball python (D:2)
  2 bats (D:2)
  A frilled lizard (D:2)
  A goblin (D:3)
  2 rats
10 creatures vanquished.

Vanquished Creatures (others)
  2 ancestors
2 creatures vanquished.

Grand Total: 57 creatures vanquished

Notes
Turn   | Place    | Note
-------+----------+-------------------------------------------
     0 | D:1      | soylentgreeen202 the Naga Warper began the quest for the
                  | Orb.
     0 | D:1      | Reached XP level 1. HP: 19/19 MP: 3/3
   162 | D:1      | Reached skill level 1 in Throwing
   162 | D:1      | Reached skill level 1 in Armour
   165 | D:1      | Reached skill level 1 in Stealth
   386 | D:1      | Reached skill level 2 in Stealth
   386 | D:1      | Reached XP level 2. HP: 26/26 MP: 5/5
   399 | D:1      | Learned a level 2 spell: Blink
   588 | D:1      | Found a faded altar of an unknown god.
   664 | D:1      | Reached skill level 3 in Stealth
  1377 | D:1      | Prayed at the altar of an unknown god.
  1377 | D:1      | Became a worshipper of Hepliaklqana the Forgotten
  1377 | D:1      | Reached * piety under Hepliaklqana
  1536 | D:1      | Reached XP level 3. HP: 28/28 MP: 6/6
  1570 | D:1      | Reached skill level 4 in Stealth
  2478 | D:2      | Reached skill level 5 in Stealth
  2696 | D:3      | Found an ornate altar of the Wu Jian Council.
  2700 | D:3      | Reached XP level 4. HP: 35/35 MP: 7/7
  2789 | D:3      | Found Xylaps's Antique Weapon Shop.
  3033 | D:3      | HP: 1/35 [river rat (3)]
  3044 | D:3      | Reached XP level 5. HP: 4/40 MP: 8/8
  3114 | D:3      | Found a glowing drain.
  3122 | D:3      | Slain by a worm

Illustrated notes

Levels and vault maps discovered:
D:1:      dpeg_arrival_solitude, layout_basic, ebering_ecumenical_altar_box,
          corexii_leaking_fountain
D:2:      layout_basic
D:3:      layout_loops_ring, mainiacjoe_overflow_tiny_flanked,
          nemelex_dance_club_becter, minitemple, serial_shops, shop,
          lightli_sewer_entry_pipes, uniq_ijyb

Skill      XL: |  1  2  3  4 |
---------------+-------------+-----
Throwing       | 1 |  1.0
Armour         | 1 |  1.0
Stealth        | 2 3 5 |  5.0
Short Blades   | 3 |  3.7
Fighting       | |  2.0
Dodging        | |  1.5
Spellcasting   | |  2.0
Translocations | |  3.0

Action                   |  1- 3 |  4- 6 || total
-------------------------+-------+-------++-------
Melee: Short sword       |   103 |    65 ||   168
       Dagger            |     8 |       ||     8
       Punch             |     1 |       ||     1
Throw: Stone             |    19 |     1 ||    20
       Boomerang         |       |     1 ||     1
Invok: Ancestor Identity |     1 |       ||     1
 Abil: Spit Poison       |    15 |     3 ||    18
  Use: Scroll            |       |     5 ||     5
       Potion            |       |     2 ||     2
 Stab: Sleeping          |     5 |     1 ||     6
       Distracted        |       |     1 ||     1
Armor: Leather armour    |    44 |    24 ||    68
Dodge: Dodged            |    56 |    28 ||    84

Table legend: (Time is in decaauts)
 A = Elapsed time spent in this place.
 B = Non-inter-level travel time spent in this place.
 C = Inter-level travel time spent in this place.
 D = Time resting spent in this place.
 E = Time spent auto-exploring this place.
 F = Levels seen in this place.
 G = Mean time per level.
                   A        B        C        D        E       F      G
               +--------+--------+--------+--------+--------+-----+--------+
         Total |   3855 |   3603 |    252 |   1006 |    882 |   3 | 1285.0 |
       Dungeon |   3855 |   3603 |    252 |   1006 |    882 |   3 | 1285.0 |
               +--------+--------+--------+--------+--------+-----+--------+

Top non-repeatable levels by time:
     D:1: 2117 daAuts
     D:2: 1234 daAuts
     D:3: 502 daAuts
